 Dungeon Crawl Stone Soup version 0.31.0-11-ge490571c62 (webtiles) character file.

Game seed: 1405160396843208370

206877 Strat the Warrior (level 18, -11/168 HPs)
             Began as an Armataur Hedge Wizard on Jan 26, 2024.
             Was an Initiate of Yredelemnul.
             Killed from afar by an ironbound thunderhulk (26 damage)
             ... with a bolt of lightning
             ... on level 1 of the Vaults.
             The game lasted 01:43:51 (34574 turns).

Strat the Warrior (Armataur Hedge Wizard)          Turns: 34574, Time: 01:43:51

Health: -11/168    AC: 42    Str: 22      XL:     18   Next: 8%
Magic:  30/30      EV:  5    Int: 16      God:    Yredelemnul [......]
Gold:   2708       SH: 12    Dex:  9 (10) Spells: 17/22 levels left

rFire   + . .        b - +4 morningstar (venom)
rCold   . . .        Z - +1 kite shield {AC+3}
rNeg    . . .        l - +10 plate armour {rF+}
rPois   .            y - +1 helmet
rElec   .            r - +2 cloak {rCorr}
rCorr   +            h - +2 pair of gloves
SInv    .            (no barding)
Will    ++...        O - amulet of regeneration Stlth
                     z - ring of willpower
HPRegen 1.28/turn    W - +4 ring of protection
MPRegen 0.22/turn

%: random rage (9%), roll
@: about to teleport, marked
A: large, deformed body, tough skin 3, armoured tail, roll 2, [berserk 2],
[deterioration 2], [screaming 2]
}: 1/15 runes: decaying
a: Renounce Religion, Recall Undead Harvest


You were on level 1 of the Vaults.
You worshipped Yredelemnul.
Yredelemnul was most pleased with you.
You visited 7 branches of the dungeon, and saw 31 of its levels.
You also visited: Ossuary.

You collected 3808 gold pieces.
You spent 1100 gold pieces at shops.

Inventory:

Hand Weapons
 a - a +0 vampiric dire flail
 b - a +4 morningstar of venom (weapon)
Missiles
 f - 2 throwing nets
 p - 24 poisoned darts
 s - 22 boomerangs
 P - 14 curare-tipped darts (quivered)
Armour
 h - a +2 pair of gloves (worn)
 l - a +10 plate armour of fire resistance (worn)
 q - a +2 plate armour of poison resistance
 r - a +2 cloak of preservation (worn)
 y - a +1 helmet (worn)
 Y - a +2 buckler of resistance
 Z - a +1 kite shield of protection (worn)
Jewellery
 c - a ring of fire
 n - a ring of flight
 v - a ring of positive energy
 z - a ring of willpower (left hand)
 O - an amulet of regeneration (around neck)
 W - a +4 ring of protection (right hand)
Wands
 o - a wand of paralysis (36)
 w - a wand of flame (93)
 D - a wand of roots (35)
 I - a wand of digging (4)
 Q - a wand of mindburst (7)
 R - a wand of polymorph (10)
Scrolls
 g - 6 scrolls of teleportation
 u - 2 scrolls of enchant weapon
 F - 3 scrolls of amnesia
 G - 3 scrolls of fear
 N - 3 scrolls of fog
 T - a scroll of immolation
 V - 5 scrolls of revelation
 X - a scroll of silence
Potions
 d - 2 potions of magic
 j - 3 potions of attraction
 m - 3 potions of ambrosia
 x - 3 potions of enlightenment
 B - a potion of invisibility
 C - 2 potions of cancellation
 E - 3 potions of brilliance
 J - 3 potions of mutation
 M - a potion of resistance
Miscellaneous
 H - a lightning rod (4/4)


   Skills:
 - Level 16.8 Fighting
 + Level 14.0 Maces & Flails
 - Level 16.5 Armour
 - Level 1.3 Dodging
 - Level 2.1 Stealth
 - Level 12.0 Shields
 - Level 2.6 Spellcasting
 - Level 0.8 Conjurations
 - Level 0.7 Summonings
 - Level 1.0 Translocations
 - Level 16.8 Invocations


You had 17 spell levels left.
You knew the following spells:

 Your Spells              Type           Power      Damage    Failure   Level
b - Blink                 Tloc           10%        N/A       95%         2
c - Call Imp              Summ           8%         N/A       97%         2
d - Apportation           Tloc           10%        N/A       87%         1

Your spell library contained the following spells:

 Spells                   Type           Power      Damage    Failure   Level
 Magic Dart               Conj           16%        1d3       88%         1
 Summon Small Mammal      Summ           16%        N/A       90%         1
 Foxfire                  Conj/Fire      12%        2x1d4     92%         1
 Kiss of Death            Conj/Necr      12%        2d6       92%         1
 Sting                    Conj/Alch      12%        1d3       92%         1
 Necrotise                Necr           8%         1d4       95%         1
 Sandblast                Erth           4%         2d4       95%         1
 Slow                     Hex            8%         N/A       95%         1
 Lesser Beckoning         Tloc           10%        N/A       95%         2
 Searing Ray              Conj           8%         2d4       96%         2
 Cigotuvi's Dreadful Rot  Necr/Alch/Air  4%         N/A       99%         2
 Scorch                   Fire           4%         2d5       99%         2
 Sublimation of Blood     Necr           2%         N/A       99%         2
 Call Canine Familiar     Summ           4%         N/A       99%         3
 Gell's Gravitas          Tloc           5%         N/A       99%         3
 Teleport Other           Tloc           5%         N/A       99%         3
 Confusing Touch          Hex            2%         N/A       100%        3
 Mephitic Cloud           Conj/Alch/Air  3%         N/A       100%        3
 Passwall                 Erth           2%         N/A       100%        3
 Sigil of Binding         Hex            2%         N/A       100%        3
 Stone Arrow              Conj/Erth      6%         3d7       100%        3
 Vampiric Draining        Necr           2%         2d6       100%        3
 Anguish                  Hex/Necr       1%         N/A       100%        4
 Animate Armour           Summ/Erth      6%         N/A       100%        4
 Brom's Barrelling Bould  Conj/Erth      3%         2d3       100%        4
 Cause Fear               Hex            1%         N/A       100%        4
 Flame Wave               Conj/Fire      3%         2d5       100%        4
 Fulminant Prism          Conj/Alch      1%         3d5       100%        4
 Martyr's Knell           Necr/Summ      3%         N/A       100%        4
 Olgreb's Toxic Radiance  Alch           2%         N/A       100%        4
 Summon Blazeheart Golem  Fire/Summ      3%         N/A       100%        4
 Vhi's Electric Charge    Tloc/Air       6%         N/A       100%        4
 Arcjolt                  Conj/Air       1%         1d11      100%        5
 Curse of Agony           Necr           2%         N/A       100%        5
 Fireball                 Conj/Fire      1%         3d3       100%        5
 Iskenderun's Battlesphe  Conj           4%         2d6       100%        5
 Summon Forest            Summ/Tloc      2%         N/A       100%        5
 Conjure Ball Lightning   Conj/Air       1%         3x3d6     100%        6
 Eringya's Noxious Bog    Alch           1%         4d6       100%        6
 Plasma Beam              Fire/Air       1%         2x1d11    100%        6
 Summon Cactus Giant      Summ           2%         N/A       100%        6
 Enfeeble                 Hex            1%         N/A       100%        7
 Orb of Destruction       Conj           2%         9d5       100%        7
 Ozocubu's Refrigeration  Ice            1%         4d7       100%        7
 Summon Hydra             Summ           2%         N/A       100%        7
 Discord                  Hex            1%         N/A       100%        8
 Lehudib's Crystal Spear  Conj/Erth      1%         10d2      100%        8


Dungeon Overview and Level Annotations

Branches:
Dungeon (15/15)            Temple (1/1) D:5            Lair (5/5) D:10
  Swamp (4/4) Lair:2       Spider (3/4) Lair:2        Slime (0/5) Lair:4
    Orc (2/2) D:12            Elf (0/3) Orc:2        Vaults (1/5) D:13
 Depths (0/4) D:15        Ossuary (visited)

Altars:
Ashenzari
Cheibriados
Dithmenos
Elyvilon
Fedhas
Gozag
Hepliaklqana
Kikubaaqudgha
Makhleb
Nemelex Xobeh
Okawaru
Qazlal
Ru
Sif Muna
Trog
Uskayaw
Vehumet
Wu Jian
Xom
Yredelemnul
Zin
The Shining One
Jiyva

Shops:
D:2 (   D:8 (   D:10 *   D:12 [   Orc:2 [[(:[

Annotations:
D:5 1 runed translucent door, puppykicker's ghost, novice DEGl
D:7 1 runed translucent door
D:11 3 runed translucent doors, Dazliare's ghost, journeyman DrCA
Lair:3 exclusion: 3 oklob plants
Lair:4 exclusion: 4 oklob plants
Lair:5 1 runed translucent door, FoolsGold's ghost, journeyman MiBe
Swamp:1 2 transporters, exclusion: obsidian statue
Spider:3 Jorgrun
Vaults:1 2 transporters


Innate Abilities, Weirdness & Mutations

Armour fits poorly on your strangely shaped body.
You have extremely tough skin. (AC +3)
You have a long armoured tail.
You regenerate magic and health when rolling toward enemies. (Rampage Regen)
[You have an uncontrollable temper.]
[Your body often deteriorates upon taking damage.]
[You frequently scream uncontrollably at your foes.]


Message History

You tail-slap the ironbound convoker, but do no damage.
The ironbound convoker is almost dead.
The yaktaur hits you but does no damage.
An ironbound thunderhulk comes into view.
It is wielding a +0 dire flail.
The ironbound convoker hits you but does no damage.
The ironbound frostheart touches you but does no damage.
The ironbound convoker hits you with a +0 morningstar of holy wrath!
* * * LOW HITPOINT WARNING * * *
Your body deteriorates!
You feel clumsy. You block the vault warden's attack.
The yaktaur hits you but does no damage.
As you read the scroll of teleportation, it crumbles to dust.
You feel strangely unstable.
The wretched star pulses with an eldritch light!
You feel the urge to shout.
You feel a strong urge to scream.
You feel a little pissed off.
You feel extremely angry at everything!
The yaktaur hits you but does no damage.
The ironbound convoker hits you with a +0 dire flail!
* * * LOW HITPOINT WARNING * * *
The ironbound frostheart touches you!
* * * LOW HITPOINT WARNING * * *
The ironbound frostheart freezes you!!
* * * LOW HITPOINT WARNING * * *
The vault warden hits you with a +2 broad axe of distortion!!!
* * * LOW HITPOINT WARNING * * *
Space warps horribly around you!!
* * * LOW HITPOINT WARNING * * *
The ironbound convoker hits you but does no damage.
The yaktaur barely misses you.
You feel better.
You kill the ironbound convoker!
The dead are walking!
The boggart mumbles some strange words. x2
The boggart flickers and vanishes!
Deactivating autopickup; reactivate with Ctrl-A.
The yaktaur hits you but does no damage.
Electricity crackles from the ironbound thunderhulk's apparatus.
The bolt of lightning hits you!!
You die...
Your body rises from the dead as a mindless zombie.

#..........########
#..........# #
#..........# '
#..........# #
#..........#
#..........#
#..........#
#Zgp.......#
#c@p*c.....#
#cpc########
#cc{#.......
#cpO#.....#
#..p'.....#
#...#...#.#
#...#...# #...#.#.#
#...#.#.#


You could see a vault warden (strong), an ironbound thunderhulk (strong), a
wretched star, 2 ironbound frosthearts, 3 centaur warriors, 2 ironbound
convokers, 4 yaktaurs, a boggart and a friendly ironbound convoker zombie.

Vanquished Creatures
  Nikola (Swamp:1)
  A tentacled monstrosity (Swamp:3)
  2 fire giants (D:15)
  2 fenstrider witches
  A vault warden (Vaults:1)
  A frost giant (D:15)
  2 emperor scorpions (Spider:3)
  A ghost moth (Spider:1)
  2 ironbound preservers (Vaults:1)
  A stone giant (D:15)
  A deep elf annihilator (D:15)
  4 eleionomae
  3 bunyips
  3 dire elephants (Vaults:1)
  A blizzard demon (Swamp:4)
  2 entropy weavers
  2 yaktaur captains (D:15)
  A hell beast (Swamp:4)
  4 vault guards
  Erolcha (D:13)
  An ironbound frostheart (Vaults:1)
  6 ghost crabs
  6 alligators
  8 hydras
  3 ogre magi
  A radroach (Spider:2)
  A jorogumo (Spider:2)
  5 two-headed ogres
  11 centaur warriors
  8 boulder beetles
  A tengu warrior (D:14)
  A death yak (Lair:5)
  2 death knights
  2 orc high priests (Orc:2)
  3 demonic crawlers
  2 hell knights (D:13)
  A soul eater (Swamp:4)
  A skeletal warrior (D:15)
  A sixfirhy (Swamp:4)
  A skyshark (Lair:5)
  2 pharaoh ants
  8 goliath frogs
  A death drake (Swamp:1)
  A deep troll (D:15)
  6 spriggan druids
  5 orb spiders
  3 phantasmal warriors
  4 swamp dragons
  Pikel (D:8)
  2 arcanists
  A spriggan rider (Lair:5)
  2 steelbarb worms (Spider:2)
  5 bog bodies
  An ironbound convoker (Vaults:1)
  6 deep elf pyromancers
  2 orc knights (D:15)
  A deep elf archer (D:15)
  5 orc sorcerers
  14 wolf spiders
  3 will-o-the-wisps
  11 ugly things
  A salamander (shapeshifter) (D:14)
  9 cyclopes
  A meliai (shapeshifter) (D:15)
  A kobold blastminer (Orc:1)
  6 elephants
  A meliai (D:12)
  5 manticores
  2 black mambas
  A guardian serpent (shapeshifter) (D:15)
  4 apocalypse crabs (Swamp:3)
  A black mamba (shapeshifter) (D:15)
  A vault sentinel (Vaults:1)
  A gargoyle (D:13)
  8 cane toads
  2 torpor snails
  2 cane toads (shapeshifter)
  A rime drake (Lair:3)
  3 yaktaurs (D:15)
  A kobold demonologist (D:12)
  6 komodo dragons
  6 freezing wraiths
  3 tengu conjurers
  10 trolls
  2 hellwings (Swamp:4)
  A polar bear (shapeshifter) (D:15)
  9 polar bears
  A queen bee (shapeshifter) (D:15)
  3 tyrant leeches
  5 hornets
  A dream sheep (Lair:5)
  10 tarantellas
  A blink frog (shapeshifter) (D:15)
  9 slime creatures
  10 blink frogs
  4 shadows
  10 jumping spiders
  7 spriggans
  A vampire (D:12)
  5 basilisks
  A wraith (D:11)
  37 yaks
  10 culicivoras
  5 wyverns
  A human (Lair:2)
  3 centaur simulacra (D:15)
  2 wargs
  7 vampire mosquitoes
  Grum (D:8)
  20 redbacks
  3 steam dragons
  3 chaos spawn (Swamp:4)
  7 swamp worms
  2 acid dragons
  4 hell hounds
  9 water moccasins
  2 swamp drakes (Swamp:2)
  2 ice beasts
  15 orc warriors
  3 black bears
  3 boggarts (Lair:5)
  2 black bears (shapeshifter)
  16 wolves
  7 centaurs
  3 ogres
  A phantom (D:6)
  5 kobold brigands
  7 bullfrogs
  2 elf zombies (Ossuary)
  A scorpion (D:5)
  3 gnoll sergeants
  8 wights
  5 killer bees
  3 bombardier beetles
  2 howler monkeys (D:7)
  2 jellies (D:6)
  5 hounds
  19 orc priests
  A gnoll bouda (D:7)
  A sleepcap (D:6)
  31 orc wizards
  A hound zombie (Ossuary)
  4 mummies (Ossuary)
  17 gnolls
  7 adders
  A shadow imp (D:7)
  2 white imps
  2 ufetubi (D:6)
  5 dart slugs
  A ribbon worm (D:1)
  75 orcs
  3 ball pythons
  3 bats
  11 endoplasms
  3 giant cockroaches
  A gnoll zombie (Ossuary)
  4 goblins
  4 hobgoblins
  12 jackals
  A quokka (D:1)
  2 frilled lizards
  4 goblin zombies
  A hobgoblin zombie (Ossuary)
  A jackal zombie (Ossuary)
  15 kobolds
  A kobold zombie (Ossuary)
  An orc zombie (Ossuary)
  5 rats
  2 rat zombies
793 creatures vanquished.

Vanquished Creatures (collateral kills)
  3 fenstrider witches (Swamp:4)
  A ghost moth (Spider:2)
  An orc warlord (Orc:2)
  A dire elephant (Vaults:1)
  A bunyip (Swamp:3)
  A fire dragon (D:15)
  Fannar (Lair:2)
  2 ghost crabs
  3 hydras
  2 spriggan air magi
  An alligator (Swamp:3)
  2 centaur warriors
  An occultist (Swamp:4)
  An orc high priest (Orc:2)
  A soul eater (Swamp:4)
  A demonic crawler (Spider:2)
  A pharaoh ant (Spider:1)
  A skyshark (Lair:4)
  A death drake (Swamp:4)
  3 goliath frogs
  An orb spider (Spider:2)
  2 swamp dragons
  2 bog bodies
  A sun moth (Spider:2)
  A steelbarb worm (Spider:2)
  An orc knight (D:15)
  3 orc sorcerers
  A deep elf pyromancer (Swamp:4)
  A deep elf zephyrmancer (Swamp:4)
  A wolf spider (Spider:2)
  4 elephants (Lair:5)
  Joseph (D:7)
  A smoke demon (Swamp:4)
  A vault sentinel (Vaults:1)
  5 cane toads
  A gargoyle (D:11)
  A rime drake (Lair:1)
  2 komodo dragons
  An efreet (D:13)
  A freezing wraith (D:13)
  A yaktaur (D:15)
  A troll (Orc:2)
  A polar bear (Lair:3)
  3 hornets
  3 tyrant leeches
  4 tarantellas
  A dream sheep (Lair:5)
  4 blink frogs
  3 jumping spiders
  A slime creature (D:14)
  4 culicivoras
  5 spriggans (Lair:5)
  3 wyverns
  A wraith (D:13)
  7 yaks
  14 redbacks
  A chaos spawn (Swamp:4)
  10 swamp worms
  3 hell hounds (Spider:1)
  A swamp drake (Swamp:4)
  9 orc warriors
  A black bear (D:10)
  A boggart (D:15)
  An ogre (D:6)
  5 centaurs
  17 wolves
  2 bullfrogs
  A killer bee (D:7)
  16 orc priests
  14 orc wizards (Orc:2)
  21 orcs
  4 butterflies (Lair:2)
224 creatures vanquished.

Vanquished Creatures (others)
  A spectral tentacled monstrosity (Swamp:3)
  2 fenstrider witch zombies (Swamp:4)
  An alligator (Swamp:1)
  A hydra (Swamp:4)
  An occultist (Swamp:4)
  A pharaoh ant (Spider:3)
  An orb spider (Spider:2)
  6 goliath frog zombies
  3 alligator zombies
  5 ugly thing zombies
  A spectral blizzard demon (Swamp:4)
  4 wolf spider zombies
  A stone giant zombie (D:15)
  A dire elephant zombie (Vaults:1)
  2 spectral soul eaters (Swamp:4)
  2 swamp worm zombies (Swamp:3)
  3 orb spider zombies (Spider:2)
  8 redback zombies
  A demonic crawler zombie (Spider:3)
  A hydra zombie (Swamp:1)
  6 bloated husks
  A death drake zombie (Swamp:4)
  A tyrant leech (Swamp:3)
  3 tarantella zombies
  A jumping spider zombie (Spider:2)
  A tarantella (Spider:3)
  2 culicivora zombies
  A black mamba zombie (D:15)
  A tyrant leech zombie (Swamp:1)
  2 slime creature zombies (D:15)
  3 elf zombies (D:15)
  A cane toad zombie (D:15)
  A skyshark zombie (Lair:5)
  A spectral smoke demon (Swamp:4)
  2 spectral efreet
  A swamp drake (Swamp:3)
  2 hornet zombies
  3 swamp dragon zombies
  5 blink frog zombies
  A manticore zombie (D:15)
  3 elephant zombies (Lair:5)
  A salamander zombie (D:14)
  A spectral chaos spawn (Swamp:4)
  4 komodo dragon zombies
  2 hell hound zombies (D:13)
  A warg zombie (Orc:2)
  An apocalypse crab zombie (Swamp:3)
  2 yaktaur zombies (D:15)
  2 wyvern zombies
  4 cyclops zombies
  2 water moccasin zombies
  10 yak zombies
  A tengu zombie (D:13)
  2 spriggan zombies
  2 polar bear zombies (Lair:5)
  A troll zombie (D:13)
  6 wolf zombies (Lair:5)
  7 centaur zombies
  2 bullfrog zombies
  A basilisk zombie (Lair:2)
  4 human zombies
  A boggart zombie (D:15)
  2 orc wizards
  2 killer bee zombies (D:7)
  A hound zombie (D:6)
  A howler monkey zombie (D:7)
  A swamp drake zombie (Swamp:4)
  An adder zombie (D:6)
  2 gnoll zombies
  A spectral white imp (D:8)
  An orc (D:9)
  2 bombardier beetle zombies
  4 kobold zombies
  46 orc zombies
  22 foxfires
231 creatures vanquished.

Grand Total: 1248 creatures vanquished

Notes
Turn   | Place    | Note
-------+----------+-------------------------------------------
     0 | D:1      | Strat the Armataur Hedge Wizard began the quest for the
                  | Orb.
     0 | D:1      | Reached XP level 1. HP: 14/14 MP: 4/4
   110 | D:1      | Reached skill level 1 in Maces & Flails
   165 | D:1      | Reached XP level 2. HP: 22/22 MP: 5/5
   181 | D:1      | Learned a level 2 spell: Blink
   184 | D:1      | Learned a level 2 spell: Call Imp
   625 | D:1      | Reached XP level 3. HP: 23/27 MP: 7/7
   739 | D:1      | Learned a level 1 spell: Apportation
   896 | D:2      | Found Narety's Antique Weapon Boutique.
  1185 | D:2      | Reached XP level 4. HP: 30/34 MP: 8/8
  1299 | D:2      | Reached XP level 5. HP: 15/50 MP: 9/9
  1536 | D:2      | Reached XP level 6. HP: 57/57 MP: 10/10
  1650 | D:3      | Found a shimmering blue altar of Sif Muna.
  2851 | D:4      | Found an iron altar of Okawaru.
  3198 | D:5      | Entered Level 5 of the Dungeon
  3267 | D:5      | Identified the +1 short sword of Diet Blood {vamp, *Rage
                  | rC+++ rN+}
  3309 | D:5      | Gained mutation: You regenerate magic and health when
                  | rolling toward enemies. (Rampage Regen) [Armataur growth]
  3309 | D:5      | Reached XP level 7. HP: 52/63 MP: 11/11
  3419 | D:5      | Found a runed translucent door.
  3419 | D:5      | Noticed puppykicker's ghost (novice DEGl)
  3470 | D:5      | Found a staircase to the Ecumenical Temple.
  3605 | D:5      | Identified the +1 leather armour of Jifot {Regen+}
  3949 | Temple   | Entered the Ecumenical Temple
  3955 | Temple   | Became a worshipper of Yredelemnul the Dark
  4387 | D:6      | Reached XP level 8. HP: 59/71 MP: 12/12
  4696 | D:6      | Reached * piety under Yredelemnul
  5001 | D:6      | Reached ** piety under Yredelemnul
  5158 | D:7      | Reached skill level 1 in Invocations
  5321 | D:7      | Found a sand-covered staircase.
  5351 | Ossuary  | Entered an ossuary
  5721 | D:7      | Reached XP level 9. HP: 78/78 MP: 13/13
  5942 | D:7      | Found a stormy altar of Qazlal.
  5990 | D:7      | Noticed Joseph
  6006 | D:7      | Killed Joseph
  6061 | D:7      | Found a runed translucent door.
  6077 | D:7      | Found a runed translucent door.
  6096 | D:7      | Your ally Joseph died
  6377 | D:8      | Noticed Grum
  6607 | D:8      | Killed Grum
  6945 | D:8      | Reached XP level 10. HP: 83/86 MP: 14/14
  7028 | D:8      | Noticed Pikel
  7039 | D:8      | Killed Pikel
  7052 | D:8      | Reached *** piety under Yredelemnul
  7329 | D:8      | Found Cehonad's Antique Weapon Shop.
  7685 | D:9      | Found a blossoming altar of Fedhas.
  8660 | D:10     | Entered Level 10 of the Dungeon
  8787 | D:10     | Reached XP level 11. HP: 79/94 MP: 15/15
  8924 | D:10     | Found a shimmering altar of Xom.
  8924 | D:10     | Found a shimmering altar of Xom.
  8925 | D:10     | Found a shimmering altar of Xom.
  8928 | D:10     | Found a shimmering altar of Xom.
  8930 | D:10     | Found a shimmering altar of Xom.
  8962 | D:10     | Noticed a two-headed ogre
  9071 | D:10     | Found an opulent altar of Gozag.
  9079 | D:10     | Found Veklyur's Assorted Antiques.
  9116 | D:10     | Bought a scroll of teleportation for 81 gold pieces
  9152 | D:10     | Found a staircase to the Lair.
  9188 | D:10     | Killed a two-headed ogre
  9189 | D:10     | Reached skill level 10 in Armour
  9213 | D:10     | Found a bloodstained altar of Trog.
  9228 | D:10     | Noticed a +0 hand axe
  9229 | D:10     | Found a hide-covered altar of Uskayaw.
  9229 | D:10     | Noticed a +0 dagger
  9309 | D:10     | Reached **** piety under Yredelemnul
  9397 | D:10     | Found a sacrificial altar of Ru.
  9887 | D:11     | Found a runed translucent gate.
  9888 | D:11     | Found a runed translucent gate.
 10015 | D:11     | Noticed an ogre mage
 10321 | D:11     | Noticed a two-headed ogre
 10329 | D:11     | Killed a two-headed ogre
 10432 | D:11     | Found a runed translucent gate.
 10433 | D:11     | Found an opulent altar of Gozag.
 10434 | D:11     | Noticed a two-headed ogre
 10434 | D:11     | Noticed a frost giant
 10434 | D:11     | Noticed Dazliare's ghost (journeyman DrCA)
 10434 | D:11     | Noticed an arcanist
 10567 | D:12     | Reached skill level 5 in Invocations
 10782 | D:12     | Reached ***** piety under Yredelemnul
 10927 | D:12     | Noticed a two-headed ogre
 10938 | D:12     | Killed a two-headed ogre
 11005 | D:12     | Reached ****** piety under Yredelemnul
 11031 | D:12     | Reached XP level 12. HP: 74/106 MP: 7/16
 11226 | D:12     | Reached skill level 10 in Fighting
 11420 | D:12     | Found Betiz's Antique Armour Boutique.
 11424 | D:12     | Found a staircase to the Orcish Mines.
 11533 | D:12     | Bought a glowing cloak for 225 gold pieces
 11592 | D:13     | Noticed Erolcha
 11705 | Lair:1   | Entered Level 1 of the Lair of Beasts
 11755 | Orc:1    | Entered Level 1 of the Orcish Mines
 12173 | Orc:2    | Entered Level 2 of the Orcish Mines
 12194 | Orc:2    | Found Iras's Antique Armour Shoppe.
 12384 | Orc:2    | Noticed an orc high priest
 13240 | Lair:2   | Noticed Fannar
 13310 | Lair:2   | Found a staircase to the Swamp.
 13571 | Lair:2   | Killed Fannar
 13699 | Lair:2   | Found a runed translucent door.
 13940 | Lair:2   | Found an ancient bone altar of Kikubaaqudgha.
 14259 | Lair:2   | Found a hole to the Spider Nest.
 14592 | Lair:3   | Reached XP level 13. HP: 114/114 MP: 19/19
 16130 | Lair:4   | Found a viscous altar of Jiyva.
 16139 | Lair:4   | Found a staircase to the Slime Pits.
 16239 | Lair:5   | Entered Level 5 of the Lair of Beasts
 16385 | Lair:5   | Identified the +12 dagger of Wealth {flame, rElec rN+ Will+
                  | Dex+3}
 16614 | Lair:5   | Reached skill level 10 in Invocations
 16893 | Lair:5   | Found a runed translucent door.
 17021 | Lair:5   | Found a glowing golden altar of the Shining One.
 17108 | Lair:5   | Noticed FoolsGold's ghost (journeyman MiBe)
 17461 | Lair:5   | Reached XP level 14. HP: 125/125 MP: 19/22
 17727 | Lair:5   | Got the Atlas of the Barrage
 18444 | Orc:2    | Paralysed by an orc sorcerer for 2 turns
 18496 | Orc:2    | Found Wiepn's Antique Armour Emporium.
 18496 | Orc:2    | Found Darires's Armour Emporium.
 18496 | Orc:2    | Found Tiavotir's Antique Weapon Shoppe.
 18538 | Orc:2    | Found Xalas's Book Shoppe.
 18685 | Orc:2    | Found a staircase to the Elven Halls.
 18744 | Orc:2    | Noticed an orc warlord
 18762 | Orc:2    | Killed an orc warlord
 18845 | Orc:2    | Found a shimmering blue altar of Sif Muna.
 18863 | Orc:2    | Got Sif Muna's Reference Book on Blows
 19182 | Orc:2    | Bought a runed kite shield for 202 gold pieces
 19717 | D:13     | Found a gate to the Vaults.
 20020 | D:13     | Reached skill level 1 in Shields
 20412 | D:13     | Killed Erolcha
 21832 | D:14     | Reached XP level 15. HP: 123/135 MP: 24/24
 22215 | D:14     | Found a hazy altar of Hepliaklqana.
 22314 | D:15     | Entered Level 15 of the Dungeon
 22465 | D:15     | Reached skill level 15 in Armour
 22616 | D:15     | Found a bloodstained altar of Trog.
 22616 | D:15     | Found a glowing golden altar of the Shining One.
 22781 | D:15     | Found a staircase to the Depths.
 22863 | D:15     | Found a shadowy altar of Dithmenos.
 22951 | D:15     | Reached skill level 5 in Shields
 23123 | D:15     | Noticed a fire giant
 23137 | D:15     | Killed a fire giant
 23396 | D:15     | Noticed a fire giant
 23407 | D:15     | Killed a fire giant
 23730 | D:15     | Identified the +0 ring mail of the Eternal Fruit {-Tele
                  | Rampage rF- rN+++}
 24129 | D:15     | Noticed a frost giant
 24160 | D:15     | Killed a frost giant
 24347 | D:15     | Reached XP level 16. HP: 134/147 MP: 26/26
 24712 | Orc:2    | Bought a +2 plate armour of poison resistance for 592 gold
                  | pieces
 24843 | Swamp:1  | Entered Level 1 of the Swamp
 24872 | Swamp:1  | Identified the +3 ring mail "Niuggoin" {+Inv rPois Will++
                  | Int-3}
 25087 | Swamp:1  | Found a transporter.
 25089 | Swamp:1  | Noticed Nikola
 25105 | Swamp:1  | Noticed a tentacled monstrosity
 25112 | Swamp:1  | Found a transporter.
 26279 | Swamp:1  | Killed Nikola
 26845 | Swamp:2  | Reached skill level 15 in Fighting
 27392 | Swamp:3  | Noticed a tentacled monstrosity
 27404 | Swamp:3  | Killed a tentacled monstrosity
 27546 | Swamp:3  | Found a runed translucent door.
 28258 | Swamp:3  | Reached skill level 15 in Invocations
 28725 | Swamp:4  | Entered Level 4 of the Swamp
 29126 | Swamp:4  | Reached XP level 17. HP: 79/156 MP: 28/28
 29789 | Swamp:4  | Got a decaying rune of Zot
 29893 | Swamp:4  | Reached skill level 10 in Shields
 30236 | Spider:1 | Entered Level 1 of the Spider Nest
 30969 | Spider:1 | Noticed Azrael
 30983 | Spider:1 | Killed Azrael
 30983 | Spider:1 | Charmed Azrael
 31965 | Spider:2 | Your ally Azrael died
 33343 | Spider:3 | Noticed Jorgrun
 33936 | Vaults:1 | Entered Level 1 of the Vaults
 33941 | Vaults:1 | Found a transporter.
 34087 | Vaults:1 | Noticed a tentacled monstrosity
 34091 | Vaults:1 | Found a transporter.
 34179 | Vaults:1 | Reached XP level 18. HP: 156/168 MP: 30/30
 34573 | Vaults:1 | HP: 7/168 [vault warden/+2 broad axe of distortion (20)]
 34574 | Vaults:1 | Killed from afar by an ironbound thunderhulk

Illustrated notes

Levels and vault maps discovered:
D:1:      zelgadis_glass_arrival_small, layout_basic
D:2:      layout_rooms, serial_shops, nicolae_shop_statue_plus
D:3:      layout_loops_ring, lemuel_doored_altar
D:4:      layout_rooms, mainiacjoe_overflow_six_doors_small, serial_rivers,
          chequers_serial_rivers_small_b, chequers_serial_rivers_room_a,
          chequers_serial_rivers_micro_c, chequers_serial_rivers_micro_a,
          chequers_serial_rivers_small_b, minivault_24,
          nicolae_elevator_lobby_plus
D:5:      layout_loops_ring, minmay_temple_entry_mini_moons,
          gammafunk_ghost_grave
D:6:      layout_loops_ring
D:7:      layout_rooms, nicolae_qazlal_eye_of_the_storm, enter_ossuary_4,
          lightli_church_of_beogh, uniq_joseph
D:8:      layout_loops_ring, serial_shops,
          nicolae_shop_temple_entry_statues_fountains, uniq_grum, uniq_pikel
D:9:      layout_basic, mainiacjoe_overflow_boulevard
D:10:     layout_irregular_city, general_overflow_altar, xom_redecorated,
          nicolae_gozag_seed_capital, dancing_weapons_uskayaw,
          lemuel_round_altar, grunt_lair_entry_orc_guard_hut, serial_shops, shop
D:11:     layout_grid_maze, ebering_ghost_gozag, grunt_tough_drop
D:12:     layout_roguey, orc_0_dummy, special_room [special_room_orc],
          serial_shops, shop_statue
D:13:     layout_cave_pools, lightli_vaults_fourway_checkpoint, serial_park,
          serial_park_gazebo [serial_park_minivault_5x5_6], serial_park_tiny_2,
          serial_park_square2, serial_park_tiny_2,
          portal_ice_cave_entry_pillars_2, minmay_rotating_lava, uniq_erolcha
D:14:     layout_rooms, nicolae_hepliaklqana_hazy_memory
D:15:     hangedman_slaughterboxes
Temple:   dshaligram_water_room_temple
Lair:1:   layout_chaotic_city, gauntlet_entry_generic
Lair:2:   layout_chaotic_city, swamp_mist, hellmonk_spider_entry_life_and_decay,
          basic_altar, pdpol_lair_cabin_in_the_woods,
          infiniplex_staircase_pool_2, lemuel_fruit_fields, lemuel_fruit_fields,
          grunt_megastairs_4, uniq_fannar
Lair:3:   minmay_lair_oklob_chamber, layout_regular_city, minivault_11,
          grunt_megastairs_3, lemuel_fruit_tree
Lair:4:   layout_gridlike, dpeg_slime_entry_corner, dpeg_oklob_1,
          grunt_megastairs_5
Lair:5:   minmay_lair_end_enchanted_forest, layout_hall_layers,
          ebering_ghost_reflecting_pool, lemuel_centaur_altar
Swamp:1:  gammafunk_sealed_arena, layout_basic_swamp, serial_swamp_ruin,
          evilmike_swamp_ruin_house_1, evilmike_swamp_ruin_house_6,
          evilmike_swamp_ruin_house_2, swamp_pool_4,
          tekkud_bubbles_buried_in_this_jungle, nicolae_swamp_long_stream,
          uniq_nikola
Swamp:2:  layout_basic_swamp, nicolae_swamp_orc_logging_accident
Swamp:3:  gammafunk_mikee_crab_dinner, layout_basic_swamp,
          hangedman_swamp_blocks, nicolae_swamp_reclaimed_castle,
          nicolae_swamp_dense_foliage, swamp_pool_3
Swamp:4:  nzn_swamp_witches_coven, layout_basic_swamp, swamp_pool_3
Spider:1: layout_chambers, drop_trap, uniq_azrael
Spider:2: layout_spider_delve, nicolae_spider_orb_run
Spider:3: layout_spider_delve, nicolae_spider_twisty_arc_passages, uniq_jorgrun
Orc:1:    layout_diamond_mine
Orc:2:    st_orc_mages, layout_caves, serial_shops,
          nicolae_shop_tiny_real_fake_doors, led_sif_book
Vaults:1: gammafunk_ghost_abyssal_escape,
          nicolae_vaults_windows_and_doors_thing, nicolae_vaults_network_star,
          nicolae_vaults_trapezoid_2, nicolae_vaults_asterisk,
          nicolae_vaults_tetromino_Z_1, layout_vaults_omnigrid

Skill      XL: |  1  2  3  4  5  6  7  8  9 10 11 12 13 14 15 16 17 18 |
---------------+-------------------------------------------------------+-----
Maces & Flails | 1 2 3 9 11 12 13 14 | 14.0
Fighting       | 6 7 8 9 10 11 13 14 15 16 | 16.8
Armour         | 6 7 8 9 10 13 14 16 | 16.5
Invocations    | 1 2 3 5 8 10 12 13 15 16 | 16.8
Shields        | 3 5 9 11 12 | 12.0
Dodging        | |  1.3
Stealth        | |  2.1
Spellcasting   | |  2.6
Conjurations   | |  0.8
Summonings     | |  0.7
Translocations | |  1.0

Action                     |  1- 3 |  4- 6 |  7- 9 | 10-12 | 13-15 | 16-18 || total
---------------------------+-------+-------+-------+-------+-------+-------++-------
  Melee: Mace              |   111 |   133 |    78 |       |       |       ||   322
         Dagger            |     4 |       |       |       |       |       ||     4
         Tailslap          |     8 |    14 |    57 |   133 |   338 |   222 ||   772
         Punch             |     1 |     3 |     1 |       |       |       ||     5
         Dire flail        |       |       |   366 |   944 |   853 |       ||  2163
         Morningstar       |       |       |       |       |   826 |  1109 ||  1935
   Cast: Magic Dart        |     2 |       |       |       |       |       ||     2
 Invoke: Recall Undead Har |       |       |     1 |     1 |     3 |       ||     5
         Drain Life        |       |       |       |     2 |     2 |       ||     4
         Dark Bargain      |       |       |       |       |    28 |     9 ||    37
         Bind Soul         |       |       |       |       |       |     1 ||     1
  Evoke: Wand              |       |     1 |     4 |     7 |    22 |    19 ||    53
    Use: Potion            |       |     3 |     2 |     2 |    16 |    19 ||    42
         Scroll            |       |     5 |     8 |     8 |    16 |    27 ||    64
   Stab: Sleeping          |     3 |     2 |       |       |       |       ||     5
         Paralysed         |       |     4 |     8 |       |     7 |       ||    19
         Distracted        |       |       |       |     1 |     9 |     5 ||    15
         Invisible         |       |       |       |       |       |     7 ||     7
         Confused          |       |       |       |       |       |     1 ||     1
 Armour: Robe              |    45 |       |       |       |       |       ||    45
         Leather armour    |    14 |    23 |       |       |       |       ||    37
         Chain mail        |       |    88 |   366 |   718 |       |       ||  1172
         Plate armour      |       |       |       |    74 |  1775 |  1503 ||  3352
  Dodge: Dodged            |    69 |    40 |   125 |   233 |   330 |   214 ||  1011
  Block: Buckler           |       |       |       |       |   233 |       ||   233
         Kite shield       |       |       |       |       |       |   724 ||   724
